 Dungeon Crawl Stone Soup version 0.29.0-11-gd7f09526c8 (webtiles) character file.

Game seed: 12502550588760802673

2420 concernfroge the Basher (level 9, -8/65 HPs)
             Began as a Mummy Monk on Sept 3, 2022.
             Was a Priest of Okawaru.
             Killed from afar by an electric eel (13 damage)
             ... with a bolt of electricity
             ... on level 7 of the Dungeon.
             The game lasted 00:18:36 (7909 turns).

concernfroge the Basher (Mummy Monk)                Turns: 7909, Time: 00:18:37

Health: -8/65      AC: 11    Str: 19    XL:     9   Next: 24%
Magic:  9/9        EV: 11    Int:  9    God:    Okawaru [***...]
Gold:   352        SH:  0    Dex: 14    Spells: 8/8 levels left

rFire   . . .      SeeInvis .   a - +5 flail (protect)
rCold   + + .      Faith    .   (no shield)
rNeg    + + +      Spirit   .   j - +4 ring mail {rN+}
rPois   ∞          Reflect  .   (no helmet)
rElec   .          Harm     .   (no cloak)
rCorr   .          Rampage  .   (no gloves)
Will    +....                   s - +1 pair of boots
Stlth   +.........              (no amulet)
HPRegen 0.20/turn               i - ring of protection from fire
MPRegen 0.11/turn               k - ring of protection from cold

@: studying Polearms
A: cold resistance 1, negative energy resistance 3, torment resistance 2, heat
vulnerability 1, in touch with death 1, no potions
a: Renounce Religion, Heroism


You were on level 7 of the Dungeon.
You worshipped Okawaru.
Okawaru was most pleased with you.
You visited 2 branches of the dungeon, and saw 8 of its levels.

You collected 352 gold pieces.

Inventory:

Hand Weapons
 a - a +5 flail of protection (weapon)
 b - the +9 great mace of Ambiguity {vorpal, SInv Stlth+}
   (You acquired it in the Ecumenical Temple)

   It inflicts extra damage upon your enemies.
   SInv:      It lets you see invisible.
   Stlth:     It makes you more stealthy.
Missiles
 g - 2 boomerangs
 m - 8 poisoned darts (quivered)
 r - 3 silver javelins
Armour
 j - a +4 ring mail of positive energy (worn)
 s - a +1 pair of boots (worn)
Jewellery
 i - a ring of protection from fire (left hand)
 k - a ring of protection from cold (right hand)
Wands
 c - a wand of polymorph (9)
 e - a wand of flame (10)
 o - a wand of roots (7)
 t - a wand of mindburst (10)
Scrolls
 d - 3 scrolls of poison
 f - 10 scrolls of teleportation
 h - 2 scrolls of fog
 l - a scroll of silence
 n - 4 scrolls of identify
 p - a scroll of vulnerability {unknown}
 q - 3 scrolls of amnesia


   Skills:
 - Level 3.7 Fighting
 + Level 10.2 Maces & Flails
 - Level 2.4 Polearms
 - Level 2.4 Dodging
 - Level 1.5 Stealth
 - Level 1.0 Invocations


You had 8 spell levels left.
You didn't know any spells.
Your spell library was empty.

Dungeon Overview and Level Annotations

Branches:
Dungeon (7/15)             Temple (1/1) D:4

Altars:
Ashenzari
Cheibriados
Dithmenos
Fedhas
Gozag
Kikubaaqudgha
Makhleb
Nemelex Xobeh
Okawaru
Qazlal
Ru
Sif Muna
Trog
Uskayaw
Vehumet
Wu Jian
Xom
Yredelemnul


Innate Abilities, Weirdness & Mutations

You are immune to poison.
Your flesh is cold resistant. (rC+)
You are immune to negative energy. (rN+++)
You are immune to unholy pain and torment.
You are vulnerable to heat. (rF-)
You are in touch with the powers of death.
You do not drink.


Message History

No target in view!
You open the door.
The electric eel shoots out a bolt of lightning at you!
The bolt of electricity hits the electric eel.
The electric eel completely resists.
The bolt of electricity hits the plant!
The plant begins to die.
The bolt of electricity hits you.
There is an open door here.
The electric eel shoots out a bolt of lightning at you!
The bolt of electricity hits you.
The electric eel shoots out a bolt of lightning at you!
The bolt of electricity hits the plant!
The bolt of electricity hits you.
You close the door.
Okay, then.
You start resting.
HP restored.
As you open the door, it creaks loudly!
The electric eel shoots out a bolt of lightning at you!
The bolt of electricity hits you!
The electric eel shoots out a bolt of lightning at you!
The bolt of electricity hits the plant!
The plant begins to die.
The bolt of electricity hits you!
There is an open door here.
Aiming: Fastroot
Press: ? - help, Shift-Dir - straight line
Okay, then.
The electric eel shoots out a bolt of lightning at you!
The bolt of electricity hits the electric eel.
The electric eel completely resists.
The bolt of electricity hits you!
The electric eel shoots out a bolt of lightning at you!
The bolt of electricity hits you. x2
The electric eel shoots out a bolt of lightning at you!
The bolt of electricity hits the plant!
The bolt of electricity hits you. The bolt of electricity hits you!
* * * LOW HITPOINT WARNING * * *
The electric eel shoots out a bolt of lightning at you!
The bolt of electricity hits you!
* * * LOW HITPOINT WARNING * * *
The electric eel shoots out a bolt of lightning at you!
The bolt of electricity hits you!
You die...

#......##.########.......
#......#.. .P~?≈##'#....
#......#.# .PP.SS#.#..#.
#......#.# ..P))≈#.#....
#...#.##~# ...~≈≈#.#....
#...#.#~~# ../.≈##~#....
#######.##########~##....
#..#..P$S≈##~##....#
#.#@..S~=≈≈#.#
#.#....~(~≈#.#
#~#...~P.S≈#.#
#~##.....≈##.#
##~########~##
##...~)~~~## ##########


You could see 3 electric eels.

Vanquished Creatures
  A basilisk (D:7)
  Eustachio (D:5)
  An ice beast (D:4)
  2 ogres
  2 phantoms
  A bullfrog (D:6)
  A necrophage (D:4)
  4 scorpions
  9 wights
  A howler monkey (D:4)
  3 hounds
  2 orc priests
  3 jellies (D:5)
  2 gnoll boudas
  Jessica (D:3)
  Ijyb (D:5)
  Terence (D:2)
  3 iguanas
  5 orc wizards
  15 gnolls
  7 adders
  2 worms (D:3)
  4 dart slugs
  13 orcs
  13 endoplasms
  2 giant cockroaches
  5 goblins
  8 hobgoblins
  5 jackals
  6 kobolds
  3 quokkas
  7 ball pythons
  2 bats (D:1)
  3 frilled lizards
  2 rats (D:1)
141 creatures vanquished.

Vanquished Creatures (others)
  A plant (D:7)
1 creature vanquished.

Grand Total: 142 creatures vanquished

Notes
Turn   | Place    | Note
-------+----------+-------------------------------------------
     0 | D:1      | concernfroge the Mummy Monk began the quest for the Orb.
     0 | D:1      | Reached XP level 1. HP: 18/18 MP: 1/1
   289 | D:1      | Reached XP level 2. HP: 24/24 MP: 2/2
   399 | D:1      | Found a faded altar of an unknown god.
   832 | D:1      | Reached skill level 1 in Maces & Flails
   931 | D:1      | Gained mutation: You are in touch with the powers of death.
                  | [Mummy growth]
   931 | D:1      | Reached XP level 3. HP: 29/30 MP: 3/3
  1252 | D:2      | Noticed Terence
  1291 | D:2      | Reached skill level 2 in Maces & Flails
  1885 | D:2      | Killed Terence
  1886 | D:2      | Reached XP level 4. HP: 23/37 MP: 4/4
  2014 | D:3      | Noticed Jessica
  2017 | D:3      | Killed Jessica
  2018 | D:3      | Reached skill level 3 in Maces & Flails
  2203 | D:2      | Reached XP level 5. HP: 28/42 MP: 5/5
  2502 | D:3      | Reached skill level 4 in Maces & Flails
  2519 | D:3      | Found a shimmering altar of Xom.
  2519 | D:3      | Found a blossoming altar of Fedhas.
  2864 | D:4      | Reached XP level 6. HP: 42/48 MP: 6/6
  3021 | D:4      | Reached skill level 5 in Maces & Flails
  3084 | D:4      | Noticed an ice beast
  3098 | D:4      | Reached XP level 7. HP: 43/53 MP: 7/7
  3110 | D:4      | Reached skill level 6 in Maces & Flails
  3654 | D:4      | Found a staircase to the Ecumenical Temple.
  3665 | Temple   | Entered the Ecumenical Temple
  3934 | Temple   | Became a worshipper of Warmaster Okawaru
  3934 | Temple   | Reached * piety under Okawaru
  3934 | Temple   | Reached ** piety under Okawaru
  3936 | Temple   | Identified a scroll of acquirement
  3937 | Temple   | Acquired the +9 great mace of Ambiguity {vorpal, SInv
                  | Stlth+}
  4288 | D:5      | Entered Level 5 of the Dungeon
  4292 | D:5      | Noticed Ijyb
  4301 | D:5      | Killed Ijyb
  4412 | D:5      | Reached skill level 7 in Maces & Flails
  4482 | D:5      | You fall into a shaft and drop 1 floor!
  4574 | D:6      | Found a shimmering blue altar of Sif Muna.
  4921 | D:6      | Found a radiant altar of Vehumet.
  5063 | D:6      | Reached XP level 8. HP: 60/60 MP: 8/8
  5400 | D:5      | Reached skill level 8 in Maces & Flails
  5987 | D:5      | Noticed Eustachio
  5999 | D:5      | Killed Eustachio
  6324 | D:7      | Found a broken altar of Ashenzari.
  6379 | D:7      | Reached skill level 9 in Maces & Flails
  6386 | D:7      | Reached *** piety under Okawaru
  6895 | D:7      | Reached XP level 9. HP: 65/65 MP: 9/9
  7495 | D:7      | Reached skill level 1 in Invocations
  7549 | D:7      | Reached skill level 10 in Maces & Flails
  7909 | D:7      | Killed from afar by an electric eel

Illustrated notes

Levels and vault maps discovered:
D:1:      wander_arrival_abandoned_jail, layout_loops_ring,
          hellmonk_ecumenical_altar_lost_god
D:2:      layout_loops_ring, uniq_terence
D:3:      layout_loops_ring, gammafunk_temple_overflow_statue, uniq_jessica
D:4:      layout_cave_pods, minmay_temple_entry_overgrown,
          kennysheep_crisscross, minmay_manual_mail
D:5:      layout_loops_ring, uniq_eustachio, uniq_ijyb
D:6:      layout_basic, nicolae_elyvilon_temple_path,
          mainiacjoe_overflow_boulevard, general_overflow_altar
D:7:      cheibrodos_two_vegetables, layout_rooms, nicolae_ashenzari_panopticon,
          minmay_increasing_density
Temple:   minmay_temple_curvy_branch

Skill      XL: |  1  2  3  4  5  6  7  8  9 |
---------------+----------------------------+-----
Maces & Flails | 1 2 3 4 5 7 9 10 | 10.2
Invocations    | 1 |  1.0
Fighting       | |  3.7
Polearms       | |  2.4
Dodging        | |  2.4
Stealth        | |  1.5

Action                   |  1- 3 |  4- 6 |  7- 9 || total
-------------------------+-------+-------+-------++-------
Melee: Spear             |    39 |       |       ||    39
       Flail             |    78 |   104 |   243 ||   425
       Punch             |       |       |     7 ||     7
Throw: Dart              |     5 |       |    23 ||    28
       Boomerang         |       |       |    35 ||    35
       Javelin           |       |       |     4 ||     4
Evoke: Wand              |       |       |     1 ||     1
  Use: Scroll            |     7 |       |     6 ||    13
 Stab: Sleeping          |     9 |       |       ||     9
Armor: Robe              |    16 |       |       ||    16
       Plate armour      |    10 |       |       ||    10
       Ring mail         |       |    60 |    96 ||   156
Dodge: Dodged            |    65 |    66 |    97 ||   228
